 Dungeon Crawl Stone Soup version 0.30-a0-422-g946f4849ff (webtiles) character file.

Game seed: 773566372959086751

4164 cforsyth the Cleaver (level 10, -2/145 HPs)
             Began as a Hill Orc Monk on Dec 9, 2022.
             Was a Believer of Beogh.
             Succumbed to a hornet's poison
             ... on level 7 of the Dungeon.
             The game lasted 00:15:40 (6911 turns).

cforsyth the Cleaver (Hill Orc Monk)                Turns: 6911, Time: 00:15:40

Health: -2/145     AC: 11    Str: 19    XL:     10   Next: 28%
Magic:  12/12      EV:  6    Int: 10    God:    Beogh [**....]
Gold:   362        SH:  0    Dex: 13    Spells: 9/9 levels left

rFire   . . .      SeeInvis .    v - +3 battleaxe
rCold   . . .      Faith    .    (shield currently unavailable)
rNeg    . . .      Spirit   .    h - +0 plate armour
rPois   .          Reflect  .    (no helmet)
rElec   .          Harm     .    (no cloak)
rCorr   .          Rampage  .    (no gloves)
Will    .....                    (no boots)
Stlth   ..........               z - amulet of regeneration
HPRegen 1.24/turn                (no ring)
MPRegen 0.13/turn                (no ring)

@: berserking, lethally poisoned (-2 -> -8), slowed
A: no striking features
a: Renounce Religion, Smiting


You were on level 7 of the Dungeon.
You worshipped Beogh.
Beogh was pleased with you.
You visited 1 branch of the dungeon, and saw 8 of its levels.
You also visited: Ossuary.

You collected 386 gold pieces.
You spent 24 gold pieces at shops.

Inventory:

Hand Weapons
 a - a +0 hand axe
 d - the +6 spear of Zytumoat {pain, rF+ rCorr Stlth-}
   (You found it on level 7 of the Dungeon)

   In the hands of one skilled in necromantic magic, it inflicts extra damage on
   living creatures.
   rF:        It protects you from fire.
   rCorr:     It protects you from acid and corrosion.
   Stlth:     It makes you less stealthy.
 k - the +10 spear of Kismet {vorpal, Str-4 Int+10}
   (You found it on level 2 of the Dungeon)

   It inflicts extra damage upon your enemies.
   Str:       It affects your strength (-4).
   Int:       It affects your intelligence (+10).
 v - a +3 battleaxe (weapon)
Missiles
 f - a throwing net (quivered)
Armour
 h - a +0 plate armour (worn)
Jewellery
 u - a ring of poison resistance
 z - an amulet of regeneration (around neck)
Wands
 p - a wand of flame (25)
 B - a wand of digging (6)
 C - a wand of roots (8)
 D - a wand of paralysis (10)
Scrolls
 e - 2 scrolls of vulnerability
 j - a scroll of fog
 l - a scroll of teleportation
 m - a scroll of summoning
 x - a scroll of poison
 y - a scroll of noise
Potions
 b - a potion of brilliance
 c - a potion of ambrosia
 g - 9 potions of curing
 i - 2 potions of attraction
 n - 6 potions of haste
 o - 2 potions of berserk rage
 r - a potion of might
 s - a potion of invisibility {unknown}
 t - 2 potions of mutation {unknown}
 A - 3 potions of flight {unknown}


   Skills:
 + Level 12.2 Fighting
 + Level 13.3 Axes
 + Level 3.1 Armour
 - Level 2.4 Dodging
 - Level 1.5 Stealth
 + Level 3.8 Invocations


You had 9 spell levels left.
You didn't know any spells.
Your spell library contained the following spells:

 Spells                   Type           Power      Damage    Failure   Level
 Necrotise                Necr           0%         1d4       100%        1
 Ensorcelled Hibernation  Hex/Ice        0%         N/A       100%        2
 Passwall                 Tmut/Erth      0%         N/A       100%        2
 Gell's Gravitas          Tloc           0%         N/A       100%        3
 Lesser Beckoning         Tloc           0%         N/A       100%        3
 Swiftness                Air            0%         N/A       100%        3
 Teleport Other           Tloc           0%         N/A       100%        3
 Vampiric Draining        Necr           0%         2d6       100%        3
 Agony                    Necr           0%         N/A       100%        5


Dungeon Overview and Level Annotations

Branches:
Dungeon (8/15)             Temple (0/1) D:7         Ossuary (visited)
   Lair: D:8-11

Altars:
Makhleb
Okawaru
Ru
Trog
Vehumet
Yredelemnul

Shops:
D:2 ?

Annotations:
D:8 Maurice


Message History

You feel very sick. The hornet stings you.
* * * LOW HITPOINT WARNING * * *
You feel as though you will be slow longer.
The hornet stings you.
* * * LOW HITPOINT WARNING * * *
You suddenly lose the ability to move!
You feel very sick.
The hornet stings you but does no damage.
You can move again.
You slice the hornet!!
The hornet is almost dead.
You feel sick. The hornet stings you.
* * * LOW HITPOINT WARNING * * *
You feel as though you will be slow longer.
The hornet stings you but does no damage.
Unknown command.
Unknown command.
You barely miss the hornet.
The hornet is almost dead.
You feel sick.
The hornet stings you but does no damage.
Unknown command.
Unknown command.
You hit the hornet.
The hornet is almost dead.
You feel sick. The hornet stings you!
* * * LOW HITPOINT WARNING * * *
You are more poisoned.
You feel as though you will be slow longer.
The hornet stings you but does no damage.
Unknown command.
You are too berserk!
Unknown command.
You are too berserk!
Unknown command.
You slice the hornet!!
You kill the hornet!
Beogh accepts your kill.
You die...

#.# #.# #.# #)#
####.######.############
#......................#
##########......................#
.................................
.#########.......................
.#.....# #........<..............
.#.###.# #......@................
.#.# #.# #.......................
.#.# #.# #......................#
.#.# #.# #......................#
...# #.# #......................#
######.###..........[............
#..........................=..
#.............................
#.............................


There were no monsters in sight!

Vanquished Creatures
  A hornet (D:7)
  4 yaks (D:8)
  2 steam dragons
  A water moccasin (D:8)
  A black bear (D:6)
  4 ice beasts
  A sky beast (D:6)
  3 ogres
  A centaur (D:5)
  4 phantoms
  4 elf zombies
  2 elf skeletons (D:4)
  4 scorpions
  14 wights
  2 howler monkeys (D:8)
  2 human zombies
  A hound (D:5)
  An iguana (D:4)
  A gnoll bouda (D:7)
  An orc wizard (D:7)
  4 mummies (Ossuary)
  11 gnolls
  8 adders
  A white imp (D:6)
  2 ufetubi
  An adder zombie (Ossuary)
  2 worms
  4 dart slugs
  14 orcs
  9 endoplasms
  6 giant cockroaches
  6 goblins
  8 hobgoblins
  6 kobolds
  6 quokkas
  4 ball pythons
  A bat (D:1)
  6 frilled lizards
  A gnoll zombie (Ossuary)
  2 goblin zombies (Ossuary)
  A hobgoblin zombie (Ossuary)
  An orc skeleton (D:4)
  An orc zombie (D:4)
  5 rats
  3 rat zombies (Ossuary)
167 creatures vanquished.

Vanquished Creatures (collateral kills)
  A water moccasin (D:6)
1 creature vanquished.

Vanquished Creatures (others)
  An orc priest (D:6)
  2 orcs (D:6)
  7 withered plants (D:8)
10 creatures vanquished.

Grand Total: 178 creatures vanquished

Notes
Turn   | Place    | Note
-------+----------+-------------------------------------------
     0 | D:1      | cforsyth the Hill Orc Monk began the quest for the Orb.
     0 | D:1      | Reached XP level 1. HP: 19/19 MP: 1/1
    59 | D:1      | Reached XP level 2. HP: 5/27 MP: 2/2
   451 | D:1      | Reached XP level 3. HP: 33/34 MP: 3/3
   485 | D:1      | Reached skill level 5 in Axes
   882 | D:2      | Identified the +10 spear of Kismet {vorpal, Str-4 Int+10}
   893 | D:2      | Found Laidd's Magic Scroll Shoppe.
   905 | D:2      | Reached XP level 4. HP: 19/41 MP: 4/4
  1008 | D:2      | Reached skill level 5 in Fighting
  1045 | D:2      | Bought a scroll of identify for 24 gold pieces
  1478 | D:3      | Reached XP level 5. HP: 48/48 MP: 5/5
  1502 | D:3      | Found a faded altar of an unknown god.
  1651 | D:3      | Reached skill level 6 in Axes
  1895 | D:3      | Found a bloodstained altar of Trog.
  2293 | D:4      | Reached XP level 6. HP: 53/57 MP: 6/6
  2326 | D:4      | Reached skill level 7 in Axes
  2350 | D:4      | Found a sand-covered staircase.
  2405 | Ossuary  | Entered an ossuary
  2416 | Ossuary  | Reached XP level 7. HP: 39/66 MP: 7/7
  2444 | Ossuary  | Reached skill level 8 in Axes
  3099 | D:4      | Found a burning altar of Makhleb.
  3142 | D:4      | Found an iron altar of Okawaru.
  3231 | D:4      | Reached skill level 9 in Axes
  3767 | D:5      | Entered Level 5 of the Dungeon
  3777 | D:5      | Reached XP level 8. HP: 67/74 MP: 8/8
  4713 | D:6      | Reached skill level 10 in Axes
  4909 | D:6      | Reached skill level 10 in Fighting
  4957 | D:6      | Became a worshipper of Beogh the Brigand
  4957 | D:6      | Reached * piety under Beogh
  4957 | D:6      | Reached ** piety under Beogh
  4968 | D:6      | Reached skill level 11 in Axes
  4968 | D:6      | Reached XP level 9. HP: 83/85 MP: 9/9
  5451 | D:6      | Reached skill level 12 in Axes
  5736 | D:7      | Found a sacrificial altar of Ru.
  5788 | D:7      | HP: 2/67 [wight/+3 scimitar (2)]
  5973 | D:7      | Found a staircase to the Ecumenical Temple.
  6082 | D:7      | Identified the +6 spear of Zytumoat {pain, rF+ rCorr
                  | Stlth-}
  6175 | D:7      | Found a basalt altar of Yredelemnul.
  6175 | D:7      | Found a radiant altar of Vehumet.
  6179 | D:7      | Reached skill level 1 in Invocations
  6230 | D:7      | Reached skill level 1 in Armour
  6498 | D:7      | Reached XP level 10. HP: 83/93 MP: 11/11
  6769 | D:8      | Reached skill level 13 in Axes
  6862 | D:8      | Noticed Maurice
  6898 | D:8      | Paralysed by a hornet for 1 turns
  6906 | D:7      | Paralysed by a hornet for 2 turns
  6910 | D:7      | HP: 1/145 [hornet (10)]
  6911 | D:7      | Succumbed to a hornet's poison

Illustrated notes

Levels and vault maps discovered:
D:1:      minmay_arrival_glassed_features, layout_loops_ring
D:2:      layout_rooms, serial_shops, nicolae_shop_statue_plus,
          hangedman_decor_growths
D:3:      layout_basic, mainiacjoe_overflow_six_doors_small,
          ebering_ecumenical_altar_webs
D:4:      layout_layer_cave, mainiacjoe_overflow_brackets,
          mainiacjoe_overflow_alcove_2, serial_rivers,
          chequers_serial_rivers_micro_a, chequers_serial_rivers_micro_a,
          chequers_serial_rivers_large_b, chequers_serial_rivers_small_a,
          chequers_serial_rivers_large_a, chequers_serial_rivers_marsh,
          nicolae_ossuary_entry_catacombs
D:5:      layout_basic
D:6:      layout_loops_ring, minmay_misc_feat_four_crosses,
          grunt_decor_arrowhead, skrybe_limestone_x
D:7:      layout_basic, mainiacjoe_overflow_paths,
          gammafunk_temple_overflow_pools, minmay_temple_entry_statues,
          minmay_strange_pillars
D:8:      layout_loops_ring, kiku_gazebo_garden_becter,
          nicolae_wu_jian_immortal_techniques, dpeg_lair_monsters,
          ebering_dispersal_statue_hall, minmay_misc_feat_cross,
          small_statue_intersection, uniq_maurice

Skill      XL: |  1  2  3  4  5  6  7  8  9 10 |
---------------+-------------------------------+-----
Fighting       | 4 5 6 7 8 10 11 12 | 12.2
Axes           | 5 6 7 9 11 12 13 | 13.3
Invocations    | 2 3 |  3.8
Armour         | 1 3 |  3.1
Dodging        | |  2.4
Stealth        | |  1.5

Action                   |  1- 3 |  4- 6 |  7- 9 | 10-12 || total
-------------------------+-------+-------+-------+-------++-------
Melee: Hand axe          |   107 |       |       |       ||   107
       Spear             |     8 |   105 |   186 |       ||   299
       Punch             |       |       |     2 |       ||     2
       Battleaxe         |       |       |    59 |    39 ||    98
Invok: Convert to Beogh  |       |       |     1 |       ||     1
  Use: Scroll            |       |     4 |    15 |       ||    19
       Potion            |       |     1 |     1 |     1 ||     3
 Stab: Sleeping          |     1 |       |       |       ||     1
Armor: Robe              |     9 |       |       |       ||     9
       Plate armour      |    43 |    50 |   127 |    25 ||   245
Dodge: Dodged            |    50 |     8 |    40 |    18 ||   116

Table legend: (Time is in decaauts)
 A = Elapsed time spent in this place.
 B = Non-inter-level travel time spent in this place.
 C = Inter-level travel time spent in this place.
 D = Time resting spent in this place.
 E = Time spent auto-exploring this place.
 F = Levels seen in this place.
 G = Mean time per level.
                   A        B        C        D        E       F      G
               +--------+--------+--------+--------+--------+-----+--------+
         Total |   6961 |   6766 |    195 |    295 |   5209 |   9 |  773.4 |
       Dungeon |   6668 |   6473 |    195 |    295 |   5008 |   8 |  833.5 |
       Ossuary |    292 |    292 |      0 |      0 |    201 |   1 |  292.0 |
               +--------+--------+--------+--------+--------+-----+--------+

Top non-repeatable levels by time:
     D:4: 1332 daAuts
     D:6: 1021 daAuts
     D:7: 1003 daAuts
     D:1: 979 daAuts
     D:5: 961 daAuts
     D:3: 729 daAuts
     D:2: 495 daAuts
 Ossuary: 292 daAuts
     D:8: 146 daAuts
